 Seeded DCSS version 0.25.1-8-g42b30a86e7 (webtiles) character file.

Game seed: 20201210 (custom seed)

1735 radhat240 the Ruffian (level 8, -2/79 HPs)
             Began as a Troll Monk on Dec 17, 2020.
             Was a Believer of Makhleb.
             Slain by Harold
             ... wielding a +2 vampiric war axe
              (6 damage)
             ... on level 7 of the Dungeon.
             The game lasted 00:16:59 (5162 turns).

radhat240 the Ruffian (Troll Monk)                  Turns: 5162, Time: 00:16:59

Health: -2/79      AC:  8    Str: 28    XL:     8   Next: 76%
Magic:  7/7        EV: 12    Int:  6    God:    Makhleb [**....]
Gold:   307        SH:  0    Dex: 12    Spells: 5/7 levels left

rFire    . . .     SeeInvis .     - Unarmed
rCold    . . .     Gourm    +   (no shield)
rNeg     . . .     Faith    .   a - +2 robe
rPois    .         Spirit   .   (helmet restricted)
rElec    .         Reflect  .   (no cloak)
rCorr    .         Harm     .   (gloves unavailable)
MR       .....                  (boots unavailable)
Stlth    ++........             c - amulet of regeneration
HPRegen  1.03/turn              p - +6 ring of strength
MPRegen  0.10/turn              (no ring)

@: marked
A: large, unfitting armour, claws 3, fast metabolism 3, gourmand, regeneration
1, shaggy fur 1, tough skin 3
a: Minor Destruction, Renounce Religion


You were on level 7 of the Dungeon.
You worshipped Makhleb.
Makhleb was pleased with you.
You were very full.

You visited 2 branches of the dungeon, and saw 8 of its levels.
You also visited: Sewer.

You collected 307 gold pieces.

Inventory:

Missiles
 r - 2 large rocks (quivered)
Armour
 a - a +2 robe (worn)
Jewellery
 c - an amulet of regeneration (around neck)
 m - an uncursed ring of protection from fire
 p - a +6 ring of strength (left claw)
Scrolls
 d - 2 scrolls of enchant armour
 f - 3 scrolls of blinking {unknown}
 g - a scroll of immolation {unknown}
 i - 3 scrolls of amnesia
 j - 7 scrolls of teleportation {unknown}
 k - 3 scrolls of remove curse {unknown}
 l - a scroll of magic mapping {unknown}
 o - 2 scrolls of fear {unknown}
 u - a scroll of noise {unknown}
 v - a scroll of enchant weapon {unknown}
 w - 2 scrolls of identify
Potions
 e - a potion of curing
 h - a potion of brilliance {unknown}
 n - 2 potions of haste {unknown}
 q - a potion of ambrosia {unknown}
 s - 2 potions of magic {unknown}
 t - 2 potions of might {unknown}
Comestibles
 b - 20 rations


   Skills:
 + Level 4.9 Fighting
 + Level 4.1 Throwing
 + Level 4.8 Dodging
 + Level 3.1 Stealth
 + Level 6.2 Unarmed Combat


You had 5 spell levels left.
You knew the following spells:

 Your Spells              Type           Power        Failure   Level  Hunger
a - Summon Small Mammal   Summ           #...         45%         1    ##.....
b - Apportation           Tloc           #.....       45%         1    ##.....

Your spell library contained the following spells:

 Spells                   Type           Power        Failure   Level  Hunger
 Animate Skeleton         Necr           N/A          45%         1    ##.....
 Corona                   Hex            #......      45%         1    ##.....


Dungeon Overview and Level Annotations

Branches:
Dungeon (7/15)             Temple (1/1) D:6           Sewer (visited)

Altars:
Ashenzari
Dithmenos
Fedhas
Gozag
Hepliaklqana
Kikubaaqudgha
Makhleb
Nemelex Xobeh
Okawaru
Qazlal
Sif Muna
Trog
Uskayaw
Vehumet
Wu Jian
Xom
Yredelemnul
Zin
The Shining One

Annotations:
D:7 Harold


Innate Abilities, Weirdness & Mutations

You are too large for most types of armour.
You have claws for hands.
Your metabolism is lightning-fast.
You like to eat raw meat.
Your natural rate of healing is unusually fast.
You are covered in fur. (AC +1)
You have extremely tough skin. (AC +3)


Message History

You see here a throwing net.
You struggle against the net.
Harold fires a harpoon shot at you. The harpoon shot hits you!
* * * LOW HITPOINT WARNING * * *
You are yanked forward by the harpoon shot.
Harold hits you with a +2 vampiric war axe.
* * * LOW HITPOINT WARNING * * *
Harold draws strength from your wounds!
Harold throws a throwing net.
The throwing net hits you.
You become entangled in the net!
You see here a throwing net.
You struggle against the net.
You struggle against the net.
Harold hits you with a +2 vampiric war axe!
* * * LOW HITPOINT WARNING * * *
Harold draws strength from your wounds!
You rip the net and break free!
Harold hits you with a +2 vampiric war axe.
You die...

#....###...
##....#
##..#..#
##..##..#
##.(###..#
#...###..#
#.#..##..#
#.##.@#..##
#. #.@....#
. ##.....#
# .........
.......###
#......##
##....##
....##
...##


You could see Harold.

Vanquished Creatures
  Pikel (D:5)
  An orc warrior (D:6)
  An ogre (D:6)
  A centaur (D:6)
  A bullfrog (D:6)
  4 killer bees (D:6)
  4 crimson imps
  A jelly (D:5)
  2 hounds (D:5)
  4 orc wizards
  An orc priest (D:6)
  A bullfrog skeleton (D:5)
  5 worker ants
  4 gnolls
  8 adders
  An ooze (D:2)
  2 adder skeletons
  5 worms
  4 dart slugs
  5 leopard geckos
  11 orcs
  6 ball pythons (Sewer)
  6 bats (D:1)
  7 giant cockroaches
  6 goblins
  14 hobgoblins
  8 jackals
  8 frilled lizards
  13 kobolds
  12 rats
  5 plants (Sewer)
152 creatures vanquished.

Vanquished Creatures (others)
  A slave (D:5)
  An ice beast (D:5)
  An iguana (D:5)
  A leopard gecko skeleton (D:5)
4 creatures vanquished.

Grand Total: 156 creatures vanquished

Notes
Turn   | Place    | Note
-------+----------+-------------------------------------------
     0 | D:1      | radhat240 the Troll Monk began the quest for the Orb.
     0 | D:1      | Reached XP level 1. HP: 22/22 MP: 0/0
   143 | D:1      | Reached XP level 2. HP: 29/29 MP: 1/1
   202 | D:1      | Reached XP level 3. HP: 36/36 MP: 2/2
   598 | D:2      | Reached skill level 4 in Unarmed Combat
   742 | D:2      | Reached XP level 4. HP: 44/45 MP: 3/3
   872 | D:2      | Found a radiant altar of Vehumet.
   873 | D:2      | Found a basalt altar of Yredelemnul.
   874 | D:2      | Found a shadowy altar of Dithmenos.
  1619 | D:3      | Reached XP level 5. HP: 53/53 MP: 4/4
  1964 | D:3      | Reached skill level 1 in Throwing
  2591 | D:4      | Noticed a moth of wrath
  2594 | D:4      | Found a bloodstained altar of Trog.
  2679 | D:5      | Entered Level 5 of the Dungeon
  2697 | D:5      | Reached XP level 6. HP: 52/61 MP: 5/5
  2870 | D:5      | Noticed Pikel
  2871 | D:5      | Noticed a slave
  2871 | D:5      | Noticed a slave
  2872 | D:5      | Noticed a slave
  2872 | D:5      | Noticed a slave
  2879 | D:5      | Killed Pikel
  2879 | D:5      | Reached skill level 5 in Unarmed Combat
  2879 | D:5      | Reached XP level 7. HP: 63/70 MP: 6/6
  3438 | D:6      | Found a staircase to the Ecumenical Temple.
  3454 | D:6      | Found a glowing drain.
  3496 | D:6      | Reached XP level 8. HP: 65/79 MP: 7/7
  3512 | Sewer    | Entered a sewer
  4247 | D:6      | Found a shattered altar of Ashenzari.
  4334 | Temple   | Entered the Ecumenical Temple
  4414 | Temple   | Became a worshipper of Makhleb the Destroyer
  4414 | Temple   | Reached * piety under Makhleb
  4414 | Temple   | Reached ** piety under Makhleb
  4672 | D:6      | Found an ancient bone altar of Kikubaaqudgha.
  4690 | D:6      | Learned a level 1 spell: Summon Small Mammal
  4697 | D:6      | Reached skill level 6 in Unarmed Combat
  4733 | D:6      | Learned a level 1 spell: Apportation
  5137 | D:7      | Noticed Harold
  5161 | D:7      | HP: 3/79 [Harold/+2 vampiric war axe (7)]
  5162 | D:7      | Slain by Harold

Illustrated notes

Levels and vault maps discovered:
D:1:      dpeg_arrival_snail, layout_basic
D:2:      layout_basic, chequers_temple_overflow_statue_of_worship,
          minmay_hedge_maze, minmay_misc_feat_five
D:3:      layout_basic
D:4:      layout_loops_ring, tgw_trog, first_ration, minmay_distorted
D:5:      layout_basic, kennysheep_nub, minmay_fractal_squares_diagonal_5,
          uniq_pikel
D:6:      layout_loops_ring, kennysheep_mini_moat,
          minmay_temple_entry_overgrown, gup_sewer_entry_glass,
          cheibrodos_ashenzari_chains
D:7:      layout_layer_cave, nicolae_overflow_crystal_walls,
          lemuel_doored_altar, uniq_harold
Temple:   eino_narrow_crystal_temple

Skill      XL: |  1  2  3  4  5  6  7  8 |
---------------+-------------------------+-----
Fighting       | 3 4 |  4.9
Unarmed Combat | 4 5 6 |  6.2
Dodging        | 3 4 |  4.8
Throwing       | 1 2 3 4 |  4.1
Stealth        | 2 3 |  3.1

Action                   |  1- 3 |  4- 6 |  7- 9 || total
-------------------------+-------+-------+-------++-------
Melee: Unarmed           |    95 |   155 |   221 ||   471
       Punch             |     2 |     1 |     9 ||    12
  Use: Scroll            |     3 |     1 |     1 ||     5
       Potion            |       |       |     1 ||     1
 Stab: Sleeping          |       |       |     3 ||     3
  Eat: Chunk             |    12 |    20 |    21 ||    53
Armor: Robe              |    59 |    54 |    50 ||   163
Dodge: Dodged            |    55 |    72 |    99 ||   226
